Map: Oxide LE

Players

LiquidClem (Clem) - Winner!

  • Race: Terran Terran
  • League: Master
  • Spawn Location: 7:00

GunGFuBanDa

  • Race: Protoss Protoss
  • League: Grandmaster
  • Spawn Location: 1:00

VOD

Have the link to the VOD?

Description

Time

  • Played on: March 29, 2021, 4:24 p.m.
  • Length: 9:42
Show
View Real Time Build Order
Export as new Build Order

LiquidClem Terran - Winner!

Build Orders: Reaper Expand 

Get SALT Encoding   

  12  0:00  SCV  
  13  0:13  SCV  
  14  0:16  Supply Depot  
  14  0:25  SCV  
  15  0:38  SCV  
  15  0:40  Barracks  
  16  0:43  Refinery  
  16  0:50  SCV  
  17  1:02  SCV  
  18  1:14  SCV  
  19  1:26  Orbital Command, Reaper  
  20  1:39  Command Center  
  20  1:47  Supply Depot  
  20  1:52  SCV  
  21  1:58  Marine  
  22  2:04  SCV  
  22  2:08  Factory  
  23  2:14  Bunker  
  23  2:16  SCV  
  23  2:22  Barracks Reactor  
  24  2:26  Refinery  
  24  2:28  SCV  
  25  2:40  SCV  
  26  2:51  Orbital Command  
  26  2:52  SCV  
  26  2:54  Starport  
  27  2:59  Marine x2  
  27  3:00  Widow Mine  
  27  3:04  SCV  
  32  3:16  SCV x2  
  32  3:17  Marine x2  
  32  3:19  Supply Depot  
  36  3:22  Widow Mine  
  38  3:28  SCV  
  38  3:30  SCV  
  38  3:32  Medivac  
  42  3:34  Marine  
  42  3:35  Marine  
  42  3:38  Supply Depot  
  42  3:40  SCV  
  45  3:42  SCV  
  45  3:43  Factory Tech Lab  
  46  3:52  Marine x2, SCV  
  46  3:54  SCV  
  50  4:00  Barracks  
  50  4:02  Barracks  
  50  4:04  SCV  
  50  4:06  SCV  
  51  4:11  Factory Tech Lab, Marine x2, Raven  
  51  4:16  SCV  
  56  4:17  Engineering Bay  
  56  4:19  SCV  
  56  4:23  Refinery  
  57  4:28  SCV  
  58  4:32  Siege Tank, SCV  
  62  4:38  Supply Depot  
  62  4:40  Marine x2  
  62  4:43  SCV  
  63  4:48  Marine  
  63  4:49  Supply Depot  
  63  4:50  SCV  
  66  4:53  Refinery  
  66  4:59  Marine x2  
  63  5:00  SCV  
  63  5:02  Terran Infantry Weapons Level 1  
  63  5:03  SCV  
  63  5:04  Starport Reactor  
  67  5:08  Supply Depot  
  67  5:10  Stimpack  
  67  5:13  Marauder, SCV  
  70  5:15  SCV  
  70  5:18  Supply Depot  
  70  5:20  Marine x2  
  73  5:21  Factory Tech Lab  
  73  5:23  Marauder  
  75  5:28  Combat Shield  
  75  5:36  Marauder  
  75  5:41  Marine x2  
  79  5:43  Siege Tank  
  79  5:47  Command Center  
  82  5:51  Supply Depot  
  82  5:52  Marauder  
  84  5:57  Marauder  
  84  6:00  Medivac  
  84  6:02  Marine x2, Supply Depot  
  89  6:07  Medivac  
  89  6:09  SCV x2  
  93  6:16  Siege Tank  
  96  6:19  Marine x2  
  96  6:20  Marauder, Supply Depot  
  96  6:21  Marauder  
  102  6:30  Supply Depot  
  102  6:35  Barracks, SCV x2  
  102  6:36  Barracks  
  102  6:39  Marine x2  
  106  6:49  Marauder, Supply Depot  
  106  6:50  Concussive Shells  
  106  6:53  Marauder, SCV  
  110  6:58  Siege Tank  
  110  7:00  Marine x2  
  115  7:06  SCV  
  116  7:09  SCV  
  116  7:10  Marauder  
  116  7:15  Marauder  
  121  7:19  SCV  
  121  7:20  Terran Infantry Armor Level 1  
  121  7:21  Viking  
  124  7:27  Viking  
  124  7:29  Barracks Reactor, Barracks Tech Lab  
  125  7:30  SCV  
  125  7:32  SCV  
  125  7:36  Orbital Command  
  127  7:40  Siege Tank  
  128  7:44  Marine  
  128  7:45  Marine  
  128  7:47  SCV x2  
  128  7:49  Marauder  
  127  7:53  Marauder  
  123  7:59  Viking  
  123  8:04  SCV x2  
  123  8:05  SCV  
  119  8:08  Marine x4  
  119  8:10  Marauder  
  125  8:15  Siege Tank  
  125  8:17  Viking  
  125  8:18  SCV  
  132  8:20  SCV  
  132  8:21  SCV  
  132  8:24  Marauder  
  132  8:25  Marauder  
  137  8:29  Marine x4  
  137  8:33  Supply Depot  
  142  8:34  SCV  
  142  8:37  SCV  
  142  8:38  Viking  
  145  8:43  SCV  
  145  8:45  Armory, Engineering Bay  
  145  8:46  SCV  
  145  8:47  Marine x2  
  149  8:52  Marine x2  
  149  8:53  Marauder  
  149  8:55  Marauder  
  150  8:56  Marine  
  150  8:57  SCV  
  147  9:03  SCV  
  147  9:05  Marine x2  
  136  9:10  Siege Tank  
  136  9:12  Medivac, Marine  
  136  9:14  Marauder x2  
  136  9:16  Marauder  
  131  9:17  Marine  
  131  9:21  SCV x2  
  131  9:22  Refinery  
  131  9:23  Marine  
  133  9:27  Command Center  
Show
View Real Time Build Order
Export as new Build Order

GunGFuBanDa Protoss 

Build Orders: 1 Gate Expand, Blink Stalkers, Colossus Rush 

Get SALT Encoding   

  12  0:00  Probe  
  13  0:12  Probe  
  14  0:19  Pylon  
  14  0:24  Probe (Chrono Boost)  
  15  0:37  Gateway  
  15  0:39  Probe (Chrono Boost)  
  16  0:44  Probe (Chrono Boost)  
  16  0:47  Assimilator  
  17  0:53  Probe  
  18  1:05  Probe  
  19  1:17  Probe  
  20  1:24  Cybernetics Core  
  20  1:31  Nexus  
  20  1:34  Probe  
  21  1:41  Pylon  
  21  1:46  Probe  
  22  1:48  Assimilator  
  22  1:58  Adept (Chrono Boost), Probe  
  25  2:01  Warp Gate  
  25  2:10  Probe  
  26  2:21  Stalker  
  28  2:23  Probe (Chrono Boost)  
  29  2:32  Probe (Chrono Boost)  
  30  2:40  Probe (Chrono Boost)  
  30  2:42  Twilight Council  
  30  2:43  Probe (Chrono Boost)  
  33  2:53  Stalker, Probe x2 (Chrono Boost)  
  33  2:58  Probe (Chrono Boost)  
  36  3:02  Probe (Chrono Boost)  
  38  3:09  Gateway  
  38  3:10  Probe (Chrono Boost)  
  39  3:13  Blink (Chrono Boost)  
  39  3:19  Probe (Chrono Boost)  
  41  3:20  Probe (Chrono Boost)  
  41  3:21  Pylon  
  41  3:23  Assimilator  
  41  3:26  Probe (Chrono Boost)  
  41  3:27  Probe  
  41  3:34  Robotics Facility  
  43  3:38  Probe  
  43  3:39  Probe  
  45  3:43  Pylon  
  45  3:50  Probe  
  45  3:51  Stalker  
  45  3:55  Probe  
  49  4:02  Nexus  
  49  4:09  Probe  
  50  4:10  Probe  
  50  4:11  Pylon  
  50  4:14  Stalker  
  53  4:21  Observer  
  54  4:24  Pylon  
  54  4:27  Robotics Bay  
  54  4:32  Gateway  
  54  4:40  Probe  
  54  4:57  Probe  
  54  4:59  Probe  
  55  5:04  Charge (Chrono Boost)  
  55  5:09  Forge  
  55  5:10  Probe (Chrono Boost)  
  55  5:11  Observer  
  57  5:14  Probe (Chrono Boost)  
  57  5:15  Probe (Chrono Boost)  
  57  5:21  Colossus (Chrono Boost)  
  59  5:22  Probe (Chrono Boost)  
  59  5:24  Probe (Chrono Boost)  
  59  5:26  Probe (Chrono Boost)  
  59  5:27  Probe (Chrono Boost)  
  68  5:29  Probe (Chrono Boost)  
  68  5:34  Protoss Ground Weapons Level 1  
  68  5:35  Probe  
  70  5:36  Probe, Extended Thermal Lance  
  70  5:37  Pylon  
  70  5:38  Observer  
  70  5:39  Observer  
  70  5:40  Probe  
  70  5:41  Shield Battery  
  72  5:49  Probe  
  73  5:50  Probe  
  73  5:54  Gateway x2  
  73  5:56  Gateway  
  74  6:06  Observer  
  74  6:09  Shield Battery  
  74  6:11  Colossus (Chrono Boost)  
  74  6:12  Zealot  
  74  6:13  Zealot x2, Pylon  
  74  6:17  Observer  
  86  6:19  Probe  
  86  6:24  Pylon  
  87  6:29  Probe x2  
  87  6:31  Pylon  
  89  6:32  Pylon  
  89  6:36  Sentry  
  89  6:37  Sentry, Zealot  
  91  6:55  Colossus (Chrono Boost)  
  91  6:56  Zealot x3  
  103  7:02  Zealot x2  
  103  7:03  Zealot  
  103  7:06  Pylon  
  103  7:08  Pylon  
  109  7:13  Gateway  
  109  7:15  Gateway  
  109  7:17  Pylon  
  109  7:18  Pylon  
  109  7:24  Probe  
  107  7:30  Zealot x6  
  119  7:37  Immortal (Chrono Boost)  
  116  7:50  Probe  
  116  7:51  Probe x2  
  97  8:03  Probe (Chrono Boost)  
  97  8:04  Stalker, Warp Prism, Zealot x5  
  97  8:05  Probe (Chrono Boost)  
  111  8:07  Probe (Chrono Boost)  
  113  8:15  Probe (Chrono Boost)  
  113  8:18  Probe (Chrono Boost), Pylon  
  113  8:19  Probe (Chrono Boost), Zealot x2  
  120  8:27  Pylon  
  120  8:33  Zealot x5  
  130  8:34  Zealot  
  130  8:35  Observer  
  133  8:44  Templar Archives  
  133  8:46  Pylon  
  120  9:01  Zealot x5  
  120  9:02  Zealot x3  
Tags
 
Add a new tag
Caveats
  • Supply blocks, unpowered buildings, or Contaminate may cause inaccurate times.
  • Supply counts are checked every 10 seconds.